 Dungeon Crawl Stone Soup version 0.17-a0-2171-ga91b4ec (webtiles) character file.

348 mrath the Ducker (level 6, -10/47 HPs)
             Began as a Merfolk Ice Elementalist on Oct 26, 2015.
             Mangled by an orc warrior
             ... wielding a +0 dire flail
              (23 damage)
             ... on level 4 of the Dungeon.
             The game lasted 00:40:51 (5271 turns).

mrath the Ducker (Merfolk Ice Elementalist)         Turns: 5271, Time: 00:40:52

Health: -10/47     AC:  8    Str:  8    XL:     6   Next: 60%
Magic:  5/11       EV: 15    Int: 15    God:
Gold:   118        SH:  0    Dex: 16    Spells: 3 memorised, 6 levels left

rFire  . . .     SeeInvis .     k - +1 flail (protect)
rCold  . . .     Clarity  .     a - +0 robe
rNeg   . . .     SustAt   .     (no shield)
rPois  .         Gourm    .     u - +1 hat
rElec  .         Spirit   .     (no cloak)
rCorr  .         Warding  .     (no gloves)
rMut   .         Stasis   .     (no boots)
MR     .....                    (no amulet)
Stlth  ++........               (no ring)
                                (no ring)

@: very slightly contaminated, not resistant to hostile enchantments, unstealthy
A: change form in water, swift swim
a: no special abilities


You were on level 4 of the Dungeon.
You were not hungry.

You visited 1 branch of the dungeon, and saw 4 of its levels.

You collected 118 gold pieces.

Inventory:

Hand Weapons
 d - a +0 dagger
 f - a +0 mace
 k - a +1 flail of protection (weapon)
 m - a +0 short sword
Missiles
 h - 15 sling bullets
 i - 145 stones (quivered)
 l - 15 poisoned needles
 n - 2 throwing nets
Armour
 a - a +0 robe (worn)
 u - a +1 hat (worn)
Wands
 G - a wand of digging (17)
Scrolls
 e - 6 scrolls of teleportation {unknown}
 g - 7 scrolls of identify {unknown}
 p - a scroll of enchant armour {unknown}
 s - a scroll of noise {unknown}
 x - 2 scrolls of random uselessness {unknown}
 y - a scroll of fear {unknown}
 D - a scroll of remove curse {unknown}
Potions
 o - a potion of curing {unknown}
 q - a potion of heal wounds
 v - 2 potions of might {unknown}
 z - a potion of poison {unknown}
 A - a potion of cancellation {unknown}
 B - 2 potions of mutation {unknown}
 C - a potion of cure mutation {unknown}
 F - a potion of ambrosia {unknown}
Books
 b - a book of Frost

   Spells                             Type                      Level
   a - Freeze                         Ice                          1
   b - Throw Frost                    Conjuration/Ice              2
   c - Ozocubu's Armour               Charms/Ice                   3
   d - Throw Icicle                   Conjuration/Ice              4
   e - Summon Ice Beast               Ice/Summoning                4
   f - Condensation Shield            Ice                          4
 E - a book of Cantrips

   Spells                             Type                      Level
   a - Corona                         Hexes                        1
   b - Animate Skeleton               Necromancy                   1
   c - Summon Small Mammal            Summoning                    1
   d - Apportation                    Translocation                1
Comestibles
 c - 4 bread rations
 j - a chunk of flesh
 t - a meat ration
 w - a slice of pizza


   Skills:
 + Level 3.1 Fighting
 + Level 4.9 Dodging
 - Level 2.1 Stealth
 + Level 3.6 Spellcasting
 - Level 0.7 Conjurations
 + Level 4.8 Ice Magic


You had 6 spell levels left.
You knew the following spells:

 Your Spells              Type           Power        Failure   Level  Hunger
a - Freeze                Ice            ###.         2%          1    None
b - Throw Frost           Conj/Ice       ##....       12%         2    ##.....
c - Ozocubu's Armour      Chrm/Ice       ##......     24%         3    ###....


Dungeon Overview and Level Annotations

Branches:
Dungeon (4/15)
 Temple: D:4-7

Altars:
Cheibriados
Dithmenos
Elyvilon
Ru
Zin


Message History

You hear a crackling sound.
The orc warrior hits you with a dire flail!
Casting: Freeze
Confirm with . or Enter, or press ? or * to list all spells.
Aiming: Freeze
Press: ? - help, Shift-Dir - straight line, f/p - orc warrior
Aim: an orc warrior, wielding a dire flail and wearing a plate armour (lightly wounded)
You freeze the orc warrior.
The orc warrior is heavily wounded.
The orc warrior hits you with a dire flail!
* * * LOW HITPOINT WARNING * * *
Casting: Freeze
Confirm with . or Enter, or press ? or * to list all spells.
Aiming: Freeze
Press: ? - help, Shift-Dir - straight line, f/p - orc warrior
Aim: an orc warrior, wielding a dire flail and wearing a plate armour (heavily wounded)
You freeze the orc warrior.
The orc warrior is severely wounded.
The orc warrior hits you with a dire flail!!
You die...

......(((....(..
...o......o.......
.....########..... .. ###### ...#
.. ..## #o( #### ### ... .... ..#
...# ##.## #.# #(.# ..##
...####...## ##.##(. ..(.
...........####.@#.########.#....
..###...........(o...............
....##.......###..###(###### ....
..#.###...#..###(####.(######....
.....###.###.....##(...)(......#
.#...######....(....#######.####
...#.............#### #..#
..........#...##..##########.#
...#.##.....#...........)....####


You could see an orc warrior.

Vanquished Creatures
  A scorpion (D:4)
  An orc wizard (D:4)
  An orc priest (D:4)
  Ijyb (D:3)
  A worker ant (D:4)
  12 adders
  A gnoll (D:1)
  An ooze (D:2)
  A worm (D:2)
  6 giant geckos
  3 orcs
  2 ball pythons
  3 bats
  6 hobgoblins
  4 kobolds
  5 giant cockroaches
  5 giant newts
  10 goblins
  4 quokkas
  9 rats
77 creatures vanquished.

Notes
Turn   | Place    | Note
--------------------------------------------------------------
     0 | D:1      | mrath the Merfolk Ice Elementalist began the quest for the Orb.
     0 | D:1      | Reached XP level 1. HP: 13/13 MP: 3/3
   596 | D:1      | Reached skill level 1 in Fighting
   596 | D:1      | Reached XP level 2. HP: 19/21 MP: 0/5
  1185 | D:1      | Learned a level 2 spell: Throw Frost
  1211 | D:2      | Found a faded altar to an unknown god.
  1409 | D:2      | Reached XP level 3. HP: 26/26 MP: 4/6
  2140 | D:2      | Found a sacrificial altar of Ru.
  2247 | D:2      | Reached XP level 4. HP: 30/32 MP: 3/8
  2400 | D:2      | Reached skill level 4 in Ice Magic
  3359 | D:3      | Noticed Ijyb
  3388 | D:3      | Killed Ijyb
  3388 | D:3      | Reached XP level 5. HP: 37/39 MP: 1/9
  3483 | D:3      | Found a white marble altar of Elyvilon.
  3807 | D:3      | Found a glowing silver altar of Zin.
  3807 | D:3      | Found a snail-covered altar of Cheibriados.
  4367 | D:4      | Reached XP level 6. HP: 44/46 MP: 5/11
  4584 | D:4      | Noticed an orc warrior
  4818 | D:4      | Found a shadowy altar of Dithmenos.
  4918 | D:3      | Learned a level 3 spell: Ozocubu's Armour
  5271 | D:4      | Mangled by an orc warrior

Vault maps used:
D:1:      ncdulo_halloftheorcs, moated_statue
D:2:      lemuel_round_altar, ecumenical_altar_1
D:3:      elyvilon_altar_1, gammafunk_temple_overflow_pools, serial_glass,
          glass_columns_a, glass_columns_a, glass_columns_a, glass_columns_a,
          minmay_strange_pillars, due_unseen_surprise, item_on_display_b,
          first_bread, uniq_iyjb
D:4:      grunt_dithmenos_smoke, guppyfry_early_orc_mine

Action                   |  1- 3 |  4- 6 || total
-------------------------+-------+-------++-------
Melee: Dagger            |     9 |       ||     9
       Short sword       |    23 |    29 ||    52
       Flail             |       |    11 ||    11
Throw: Stone             |       |    44 ||    44
 Cast: Freeze            |    41 |    99 ||   140
       Throw Frost       |       |     3 ||     3
 Stab: Sleeping          |     4 |     3 ||     7
  Eat: Beef jerky        |     1 |     1 ||     2
       Fruit             |     1 |       ||     1
       Chunk             |     2 |     9 ||    11
